Map: Tuonela LE

Players

fattbasterd - Winner!

  • Race: Protoss Protoss
  • Spawn Location: 12:00

Quaternion - Winner!

  • Race: Terran Terran
  • Spawn Location: 9:00

WillyWacker - Winner!

  • Race: Protoss Protoss
  • Spawn Location: 11:00

smokweed - Winner!

  • Race: Protoss Protoss
  • Spawn Location: 11:00

MattBarry

  • Race: Terran Terran
  • League: Gold
  • Spawn Location: 6:00

Alebay

  • Race: Protoss Protoss
  • Spawn Location: 5:00

zenzen

  • Race: Protoss Protoss
  • Spawn Location: 5:00

MattBarry

  • Race: Zerg Zerg
  • Spawn Location: 3:00

VOD

Have the link to the VOD?

Description

Time

  • Played on: Jan. 18, 2023, 9:28 p.m.
  • Length: 18:56
Show
View Real Time Build Order
Export as new Build Order

fattbasterd Protoss - Winner!

Build Orders:  

Get SALT Encoding   

  12  0:04  Probe (Chrono Boost)  
  14  0:14  Probe (Chrono Boost)  
  14  0:19  Probe (Chrono Boost)  
  15  0:25  Pylon  
  15  0:36  Assimilator  
  15  0:40  Assimilator  
  15  0:43  Probe  
  16  0:53  Gateway  
  16  0:55  Probe  
  17  1:07  Probe (Chrono Boost)  
  19  1:19  Probe (Chrono Boost)  
  19  1:23  Probe (Chrono Boost)  
  20  1:31  Pylon  
  20  1:42  Cybernetics Core  
  20  1:54  Probe  
  21  2:06  Forge, Probe  
  22  2:24  Stargate x2  
  22  2:45  Photon Cannon  
  22  3:11  Void Ray (Chrono Boost)  
  30  3:21  Void Ray (Chrono Boost)  
  30  3:28  Protoss Air Weapons Level 1, Probe  
  31  3:38  Nexus  
  31  3:59  Pylon  
  31  4:15  Pylon  
  35  4:17  Pylon  
  35  4:22  Void Ray  
  35  4:25  Assimilator  
  35  4:28  Assimilator  
  35  5:10  Probe (Chrono Boost)  
  35  5:12  Void Ray x2  
  36  5:20  Probe (Chrono Boost)  
  37  5:28  Probe x2 (Chrono Boost)  
  39  5:35  Probe (Chrono Boost)  
  40  5:41  Protoss Air Armor Level 1  
  40  5:42  Probe  
  41  5:54  Probe  
  46  6:01  Void Ray  
  46  6:14  Fleet Beacon  
  46  6:21  Oracle  
  49  6:27  Probe (Chrono Boost)  
  49  6:32  Probe (Chrono Boost)  
  52  6:40  Probe (Chrono Boost)  
  52  7:00  Tempest (Chrono Boost)  
  52  7:01  Carrier (Chrono Boost)  
  63  7:37  Pylon  
  63  7:39  Pylon  
  63  7:56  Carrier  
  77  7:59  Mothership (Chrono Boost)  
  58  8:14  Phoenix  
  55  8:39  Phoenix  
  57  8:59  Probe (Chrono Boost)  
  58  9:08  Tempest  
  64  9:10  Probe (Chrono Boost)  
  64  9:14  Nexus  
  64  9:15  Assimilator  
  64  9:21  Assimilator  
  64  9:29  Tempest  
  69  9:40  Protoss Air Weapons Level 2  
  69  9:51  Tempest  
  74  10:04  Pylon  
  74  10:05  Pylon  
  74  10:12  Protoss Shields Level 1 (Chrono Boost)  
  74  10:32  Tempest  
  79  10:47  Stargate  
  79  10:48  Probe  
  80  11:00  Probe (Chrono Boost)  
  80  11:03  Probe (Chrono Boost)  
  82  11:11  Probe (Chrono Boost)  
  82  11:16  Probe (Chrono Boost)  
  83  11:25  Probe  
  84  11:37  Probe  
  67  12:30  Tempest x3 (Chrono Boost)  
  90  12:57  Mothership (Chrono Boost)  
  90  13:02  Tempest x2 (Chrono Boost), Probe (Chrono Boost)  
  90  13:03  Tempest (Chrono Boost)  
  91  13:11  Probe (Chrono Boost)  
  107  13:16  Probe (Chrono Boost)  
  108  13:23  Probe  
  109  13:35  Probe  
  109  13:36  Protoss Air Armor Level 2  
  109  13:38  Tempest  
  115  14:39  Unknown  
  115  15:45  Pylon  
  115  15:46  Pylon  
  115  15:47  Pylon  
  115  16:03  Tempest x2  
  125  16:45  Tempest  
  130  17:12  Carrier  
  136  17:45  Pylon  
  136  17:47  Pylon  
  136  17:49  Pylon  
Show
View Real Time Build Order
Export as new Build Order

Quaternion Terran - Winner!

Build Orders: 2 Factory 

Get SALT Encoding   

  12  0:02  SCV  
  13  0:15  SCV  
  13  0:18  Supply Depot  
  14  0:40  SCV  
  15  0:44  Barracks  
  15  0:48  Refinery  
  15  0:52  SCV  
  16  1:22  Refinery  
  16  1:32  Supply Depot  
  16  1:34  Engineering Bay  
  16  1:38  SCV  
  17  1:50  SCV  
  18  2:02  SCV  
  19  2:10  Barracks Tech Lab  
  19  2:14  SCV  
  20  2:21  Factory  
  20  2:29  Factory  
  20  2:32  SCV  
  21  2:45  SCV  
  22  2:57  SCV  
  23  2:58  Missile Turret  
  23  3:09  SCV  
  24  3:13  Supply Depot  
  24  3:16  Factory Tech Lab  
  24  3:17  Factory Tech Lab  
  24  3:21  Missile Turret  
  24  3:35  Supply Depot  
  24  3:47  Command Center  
  24  4:02  Ghost Academy  
  2  5:08  SCV  
  3  5:20  SCV  
  4  5:32  SCV  
  5  5:44  SCV  
  6  5:56  SCV  
  7  7:06  SCV  
  8  7:10  SCV  
  9  7:18  SCV  
  9  7:22  SCV  
  11  7:30  SCV  
  11  7:34  SCV  
  13  7:42  SCV  
  14  7:46  SCV  
  14  7:47  Ghost  
  17  7:54  SCV  
  18  8:58  Nuke  
  18  9:03  Siege Tank  
  18  9:04  Siege Tank  
  18  9:09  SCV  
  25  9:14  SCV  
  26  9:21  SCV  
  27  9:26  SCV  
  28  9:35  Siege Tank  
  31  10:07  SCV  
  31  10:12  SCV  
  33  10:19  SCV  
  34  10:24  SCV  
  35  10:36  SCV  
  36  10:48  SCV  
  34  18:19  Cyclone x2  
Show
View Real Time Build Order
Export as new Build Order

WillyWacker Protoss - Winner!

Build Orders: Oracle Opening, Carriers 

Get SALT Encoding   

  12  0:00  Probe  
  13  0:12  Probe  
  14  0:19  Pylon  
  14  0:24  Probe  
  15  0:46  Probe (Chrono Boost)  
  16  0:50  Gateway  
  16  0:52  Assimilator  
  16  0:54  Assimilator  
  17  0:57  Probe (Chrono Boost)  
  17  1:04  Probe  
  18  1:16  Probe (Chrono Boost)  
  20  1:27  Probe (Chrono Boost)  
  20  1:32  Probe (Chrono Boost)  
  20  1:39  Cybernetics Core, Pylon  
  21  1:42  Probe  
  22  1:57  Probe  
  23  2:08  Nexus  
  23  2:11  Assimilator  
  23  2:13  Pylon  
  23  2:21  Probe  
  24  2:32  Stargate  
  24  2:33  Probe  
  25  2:40  Stargate  
  25  2:49  Stargate  
  25  2:56  Probe  
  26  3:09  Probe  
  26  3:11  Protoss Air Weapons Level 1 (Chrono Boost)  
  27  3:13  Assimilator  
  27  3:29  Probe x2  
  29  3:40  Oracle (Chrono Boost)  
  33  3:41  Probe  
  33  3:44  Probe  
  37  3:53  Probe  
  37  3:54  Oracle (Chrono Boost)  
  37  3:55  Oracle (Chrono Boost)  
  43  4:55  Void Ray x2  
  43  4:58  Probe x2  
  36  5:10  Probe (Chrono Boost)  
  37  5:17  Probe (Chrono Boost)  
  39  5:22  Probe (Chrono Boost)  
  39  5:27  Probe (Chrono Boost)  
  40  5:29  Probe (Chrono Boost)  
  40  5:32  Probe (Chrono Boost)  
  46  5:36  Probe  
  46  5:38  Void Ray  
  47  5:48  Probe (Chrono Boost)  
  47  5:49  Void Ray  
  52  5:56  Probe (Chrono Boost)  
  53  6:00  Probe (Chrono Boost)  
  54  6:07  Pylon  
  54  6:15  Pylon  
  54  6:24  Pylon  
  54  6:25  Probe x2  
  56  6:38  Probe x2 (Chrono Boost)  
  59  6:49  Probe x2 (Chrono Boost)  
  72  7:24  Void Ray x3  
  72  7:31  Probe x2  
  72  7:34  Protoss Air Armor Level 1 (Chrono Boost)  
  74  7:43  Probe  
  66  8:03  Fleet Beacon  
  67  8:05  Probe x2  
  72  8:15  Void Ray  
  72  8:17  Pylon, Probe  
  72  8:19  Probe  
  74  8:29  Probe  
  74  8:31  Probe  
  76  8:42  Probe  
  76  8:43  Probe, Nexus  
  76  8:45  Assimilator  
  78  8:51  Assimilator  
  78  8:54  Pylon, Probe  
  79  8:56  Pylon  
  85  9:07  Carrier (Chrono Boost)  
  85  9:12  Pylon  
  85  9:21  Probe x2  
  87  9:25  Flux Vanes  
  87  9:27  Stargate  
  87  9:28  Stargate  
  87  9:33  Pylon, Probe  
  87  9:35  Pylon  
  88  9:45  Carrier (Chrono Boost)  
  88  9:46  Protoss Air Weapons Level 2 (Chrono Boost)  
  94  9:57  Probe x2  
  94  9:58  Probe  
  97  10:06  Carrier  
  103  10:15  Carrier  
  109  10:31  Carrier  
  109  10:35  Probe x3  
  118  10:40  Carrier  
  118  10:41  Carrier  
  130  10:58  Mothership (Chrono Boost)  
  130  11:31  Carrier x2  
  138  12:20  Void Ray x2  
  138  12:34  Void Ray  
  132  12:45  Carrier  
  138  13:26  Carrier  
  140  13:30  Nexus  
  140  13:33  Assimilator  
  140  13:36  Assimilator  
  140  13:40  Pylon  
  140  13:43  Pylon  
  140  13:45  Pylon  
  140  13:58  Carrier  
  140  14:01  Carrier  
  152  14:03  Carrier x2  
  164  14:42  Carrier  
  170  15:11  Carrier  
  176  15:17  Probe x3  
  179  15:29  Probe  
  180  15:54  Protoss Air Weapons Level 3 (Chrono Boost)  
  180  15:59  Pylon  
  180  16:01  Pylon  
  180  16:04  Pylon  
  180  16:17  Probe x2  
  180  16:18  Carrier  
  188  16:22  Probe x2  
  198  16:25  Void Ray x2  
  198  16:30  Probe  
  199  17:56  Nexus  
  199  17:59  Assimilator  
  199  18:03  Assimilator  
  199  18:05  Pylon  
  199  18:08  Pylon  
  199  18:12  Pylon  
  199  18:21  Probe  
Show
View Real Time Build Order
Export as new Build Order

smokweed Protoss - Winner!

Build Orders: Nexus First 

Get SALT Encoding   

  12  0:00  Probe (Chrono Boost)  
  13  0:13  Probe (Chrono Boost)  
  14  0:18  Pylon  
  14  0:23  Probe (Chrono Boost)  
  15  0:36  Probe  
  16  0:48  Probe  
  17  1:00  Nexus  
  17  1:08  Probe (Chrono Boost)  
  18  1:11  Assimilator  
  19  1:20  Probe (Chrono Boost)  
  19  1:24  Gateway  
  19  1:40  Pylon  
  19  1:46  Probe  
  20  1:58  Probe  
  21  2:06  Forge  
  21  2:11  Probe (Chrono Boost)  
  22  2:15  Probe (Chrono Boost)  
  24  2:24  Probe (Chrono Boost)  
  24  2:30  Probe (Chrono Boost)  
  24  2:35  Cybernetics Core  
  24  2:36  Probe  
  25  2:41  Photon Cannon  
  26  2:50  Assimilator, Probe  
  26  3:02  Probe  
  26  3:03  Assimilator  
  27  3:07  Assimilator  
  27  3:09  Pylon  
  27  3:15  Pylon, Probe (Chrono Boost)  
  29  3:20  Probe (Chrono Boost)  
  29  3:25  Probe (Chrono Boost)  
  30  3:30  Protoss Ground Weapons Level 1  
  30  3:33  Robotics Facility  
  30  3:34  Robotics Facility  
  30  3:37  Pylon, Probe  
  30  3:38  Probe  
  32  3:49  Probe  
  32  3:50  Photon Cannon  
  32  3:54  Photon Cannon  
  33  3:58  Pylon  
  33  4:10  Photon Cannon  
  33  4:15  Probe  
  34  4:18  Photon Cannon  
  34  4:27  Probe  
  35  4:42  Photon Cannon  
  34  4:56  Probe (Chrono Boost)  
  34  4:59  Probe (Chrono Boost)  
  36  5:01  Immortal (Chrono Boost)  
  36  5:06  Probe (Chrono Boost)  
  42  5:08  Probe (Chrono Boost)  
  42  5:11  Immortal (Chrono Boost)  
  46  5:32  Robotics Facility x2  
  46  5:42  Pylon  
  46  5:45  Pylon  
  46  5:48  Gateway  
  46  5:50  Immortal  
  46  5:52  Pylon  
  50  6:00  Immortal  
  54  6:04  Probe  
  54  6:08  Probe  
  56  6:16  Probe  
  57  6:22  Immortal (Chrono Boost)  
  65  6:26  Immortal (Chrono Boost)  
  65  6:30  Immortal (Chrono Boost)  
  69  6:34  Probe  
  69  6:35  Probe  
  75  6:53  Immortal (Chrono Boost)  
  75  6:57  Immortal (Chrono Boost)  
  79  7:21  Immortal x2  
  87  7:26  Immortal  
  91  7:39  Nexus  
  91  7:42  Pylon  
  67  8:30  Zealot  
  69  8:41  Gateway  
  69  8:43  Gateway  
  69  8:44  Gateway  
  70  8:49  Gateway, Probe (Chrono Boost)  
  70  8:50  Gateway  
  70  8:51  Probe (Chrono Boost)  
  70  8:52  Gateway  
  70  8:53  Probe (Chrono Boost)  
  70  8:54  Gateway  
  72  8:56  Gateway  
  72  9:00  Probe (Chrono Boost)  
  72  9:01  Probe (Chrono Boost)  
  72  9:02  Probe (Chrono Boost)  
  75  9:06  Probe x2 (Chrono Boost)  
  75  9:07  Assimilator  
  75  9:08  Probe (Chrono Boost)  
  79  9:10  Observer x3, Assimilator  
  79  9:11  Observer  
  79  9:12  Probe  
  79  9:15  Pylon, Probe  
  84  9:19  Probe  
  84  9:21  Pylon  
  85  9:24  Probe  
  85  9:28  Probe  
  87  9:31  Probe  
  87  9:38  Nexus  
  88  9:41  Pylon  
  88  9:43  Probe  
  88  9:45  Warp Gate (Chrono Boost)  
  89  9:48  Zealot x2  
  89  9:49  Zealot x3  
  99  9:55  Probe  
  99  9:56  Twilight Council  
  100  10:08  Probe  
  101  10:21  Pylon  
  101  10:28  Pylon  
  101  10:34  Pylon  
  101  10:35  Photon Cannon, Zealot x4  
  107  10:36  Zealot x3  
  107  10:37  Zealot  
  107  10:38  Photon Cannon  
  117  10:50  Templar Archives  
  117  10:51  Charge (Chrono Boost)  
  117  10:53  Pylon  
  117  10:55  Pylon  
  117  10:56  Protoss Ground Weapons Level 2  
  117  10:59  Probe  
  117  11:03  Pylon  
  118  11:07  Probe  
  118  11:18  Probe  
  118  11:29  Zealot  
  118  11:30  Zealot x5, Probe  
  118  11:32  High Templar  
  125  11:34  High Templar  
  122  11:42  Probe  
  122  11:43  Immortal  
  122  11:44  Immortal x3  
  137  12:01  Zealot x2  
  137  12:02  Zealot  
  137  12:04  High Templar x2  
  137  12:05  High Templar x2  
  147  12:09  Archon  
  147  12:10  Archon  
  143  12:23  Zealot  
  143  12:24  Zealot x2  
  143  12:25  High Templar x2  
  147  12:30  Archon  
  143  12:48  Zealot x2  
  143  12:49  Zealot x5  
  153  12:59  Probe  
  154  13:11  Probe  
  155  13:23  Probe  
  156  13:34  Pylon  
  156  13:35  Probe  
  156  13:37  Pylon  
  145  13:44  Immortal  
  145  13:45  Immortal x3  
  145  13:47  Probe  
  161  13:49  Probe  
  161  13:52  Pylon  
  161  13:53  High Templar, Assimilator  
  161  13:54  High Templar x6  
  161  13:55  High Templar x2  
  168  13:56  Assimilator  
  168  14:00  Nexus  
  168  14:01  Probe  
  157  14:14  Probe  
  154  14:26  Probe  
  155  14:32  Archon  
  155  14:37  Archon x3  
  155  15:00  Zealot  
  155  15:01  Zealot x7  
  155  15:02  Zealot  
  173  15:23  Zealot x3  
  173  15:24  Zealot x6  
  191  15:49  Gateway  
  191  15:55  Gateway  
  187  15:58  Gateway  
  187  16:07  Gateway  
  185  16:16  Gateway  
  185  17:11  Zealot x2  
  185  17:12  Zealot x4  
  185  17:13  Zealot  
  195  18:41  Nexus  
  195  18:44  Nexus  
  195  18:47  Nexus  
  195  18:50  Nexus  
  195  18:53  Nexus  
  195  18:56  Nexus  
Show
View Real Time Build Order
Export as new Build Order

MattBarry Terran 

Build Orders: 2 Factory, Mech 

Get SALT Encoding   

  12  0:00  SCV  
  13  0:12  SCV  
  14  0:17  Supply Depot  
  14  0:24  SCV  
  15  0:42  Barracks  
  15  0:44  SCV  
  15  0:45  Refinery  
  16  0:56  SCV  
  17  1:08  SCV  
  18  1:21  SCV  
  20  1:33  Orbital Command  
  20  1:35  Reaper  
  20  1:37  Supply Depot  
  20  1:41  Supply Depot  
  20  1:51  Command Center  
  20  2:00  SCV  
  21  2:04  Refinery  
  21  2:07  Reaper  
  22  2:15  SCV  
  23  2:27  SCV  
  24  2:39  Reaper, SCV  
  24  2:42  Factory  
  26  2:47  Supply Depot  
  26  2:54  SCV  
  27  3:05  Orbital Command  
  27  3:06  SCV  
  27  3:11  Reaper  
  29  3:18  Factory  
  29  3:19  SCV, Engineering Bay  
  30  3:25  Factory Reactor  
  30  3:31  SCV  
  31  3:49  SCV  
  32  4:00  Starport  
  32  4:01  SCV x2  
  34  4:03  Missile Turret  
  34  4:04  Missile Turret  
  34  4:13  SCV  
  33  4:37  Missile Turret x3  
  33  4:39  Missile Turret  
  33  4:40  Missile Turret  
  33  4:42  Missile Turret  
  33  4:43  Starport Reactor  
  33  4:45  Factory Tech Lab  
  33  4:47  Widow Mine x2  
  33  4:49  SCV x2  
  38  5:01  SCV x2  
  38  5:02  Refinery  
  38  5:03  Refinery  
  40  5:08  Supply Depot  
  40  5:10  Supply Depot  
  40  5:11  Supply Depot, Widow Mine x2  
  40  5:13  SCV x2  
  46  5:17  Armory  
  46  5:20  Viking  
  46  5:21  Viking  
  50  5:29  SCV x2  
  52  5:50  SCV  
  52  5:51  SCV  
  52  5:52  Viking x2  
  58  6:03  SCV x2  
  60  6:06  Command Center  
  60  6:09  Factory  
  60  6:11  Factory  
  60  6:15  SCV x2  
  62  6:18  Siege Tank  
  62  6:20  Widow Mine x2  
  69  6:27  Viking, SCV x2  
  69  6:28  Viking  
  75  6:34  Supply Depot  
  75  6:38  Supply Depot  
  75  6:43  Widow Mine x2  
  79  6:52  SCV x2  
  79  6:54  Siege Tank  
  84  6:59  Supply Depot  
  84  7:02  Supply Depot  
  84  7:06  Viking  
  84  7:07  Viking  
  88  7:17  Orbital Command  
  88  7:20  SCV  
  88  7:21  SCV  
  90  7:23  Refinery  
  90  7:24  Widow Mine x2  
  94  7:40  Siege Tank  
  94  7:41  Viking x2  
  100  8:24  SCV x3  
  103  8:32  Viking x2  
  107  8:35  Widow Mine x2  
  107  8:36  SCV x3  
  107  8:38  Siege Tank  
  118  8:48  SCV x3  
  118  8:52  Armory  
  118  8:55  Terran Ship Weapons Level 1  
  120  9:00  SCV x3  
  123  9:05  Refinery  
  123  9:06  Command Center  
  123  9:07  Widow Mine x2  
  123  9:09  Viking x2  
  131  9:12  SCV  
  132  9:30  Supply Depot  
  132  9:31  Supply Depot  
  132  9:34  Factory Tech Lab x2  
  132  9:39  Supply Depot x2  
  132  9:40  Supply Depot x2  
  132  9:42  Terran Vehicle And Ship Armor Level 1  
  132  9:46  Viking x2  
  132  9:51  Widow Mine x2  
  132  9:52  Thor x2  
  152  9:58  Thor  
  158  10:16  SCV x2  
  158  10:17  SCV  
  161  10:39  Thor x2  
  161  10:40  Viking  
  161  10:41  Viking  
  177  10:42  Thor  
  183  10:59  Drilling Claws  
  183  11:05  Smart Servos  
  177  11:37  Thor x3  
  195  11:50  Widow Mine x2  
  161  12:24  Thor x3  
  161  12:25  Viking x2  
  128  12:54  Widow Mine x2  
  128  12:55  Viking x2  
  128  12:56  Starport  
  128  12:57  Orbital Command  
  136  13:06  Terran Vehicle Weapons Level 1  
  136  13:22  Thor x2  
  136  13:23  Thor  
  136  13:25  Orbital Command  
  14  15:47  Orbital Command  
  10  16:13  SCV  
  9  16:33  SCV  
  9  16:37  Supply Depot  
  10  16:55  SCV  
  11  17:05  Barracks  
  11  17:07  SCV  
  12  17:19  SCV  
  13  17:31  SCV  
  13  17:34  Refinery  
  13  17:35  Refinery  
  14  17:43  SCV  
  11  17:53  Factory  
  11  17:54  Marine  
  11  17:56  SCV  
  4  18:16  Marine  
  4  18:20  SCV  
Show
View Real Time Build Order
Export as new Build Order

Alebay Protoss 

Build Orders: 1 Gate Expand 

Get SALT Encoding   

  12  0:03  Probe  
  13  0:15  Probe  
  14  0:25  Pylon  
  14  0:27  Probe  
  15  0:43  Gateway, Probe  
  15  0:48  Assimilator  
  16  0:55  Probe  
  17  1:07  Probe  
  18  1:19  Probe  
  19  1:26  Nexus  
  19  1:31  Probe  
  20  1:36  Cybernetics Core  
  20  1:44  Assimilator, Probe  
  21  1:56  Probe  
  21  2:00  Pylon  
  22  2:08  Probe  
  22  2:14  Pylon  
  23  2:20  Pylon, Probe  
  24  2:25  Adept  
  26  2:33  Warp Gate (Chrono Boost)  
  26  2:36  Probe  
  27  2:38  Probe  
  28  2:49  Probe  
  28  2:50  Probe  
  30  3:01  Probe  
  30  3:02  Probe  
  32  3:07  Gateway  
  32  3:08  Gateway  
  32  3:11  Pylon  
  32  3:13  Probe  
  32  3:14  Probe  
  32  3:16  Assimilator  
  34  3:23  Adept  
  36  3:31  Pylon  
  36  3:35  Probe x2  
  38  3:53  Probe x2  
  40  4:03  Forge  
  40  4:04  Stalker  
  40  4:05  Probe  
  40  4:07  Stalker x2  
  47  4:10  Probe  
  47  4:14  Assimilator  
  48  4:18  Probe  
  48  4:21  Pylon  
  49  4:38  Stalker  
  49  4:39  Stalker x2  
  55  5:02  Stalker  
  55  5:03  Stalker x2  
  61  5:09  Protoss Ground Weapons Level 1 (Chrono Boost)  
  61  5:11  Gateway  
  61  5:13  Gateway  
  61  5:14  Probe x2  
  63  5:21  Photon Cannon  
  63  5:25  Photon Cannon  
  63  5:26  Probe x2  
  65  5:32  Photon Cannon  
  65  5:36  Photon Cannon  
  65  5:39  Stalker x3  
  71  5:47  Pylon  
  71  5:50  Pylon  
  71  5:52  Probe  
  72  6:10  Stalker x4  
  72  6:11  Stalker  
  82  6:17  Twilight Council  
  82  6:35  Probe  
  82  6:36  Probe  
  84  6:42  Nexus  
  84  6:50  Pylon  
  84  6:52  Pylon  
  84  6:58  Pylon  
  84  6:59  Probe x2  
  86  7:12  Stalker x5  
  96  7:18  Probe x2  
  98  7:34  Forge  
  98  7:42  Blink (Chrono Boost)  
  98  7:44  Protoss Ground Weapons Level 2 (Chrono Boost)  
  76  8:14  Stalker x2  
  76  8:15  Stalker x3  
  76  8:18  Probe  
  76  8:19  Probe x2  
  89  8:31  Probe x2  
  89  8:33  Assimilator  
  91  8:37  Assimilator  
  91  8:54  Stalker  
  91  8:55  Stalker x4  
  101  8:56  Protoss Shields Level 1 (Chrono Boost)  
  101  8:59  Probe x2  
  101  9:00  Probe  
  104  9:07  Pylon  
  104  9:10  Pylon  
  104  9:11  Probe x2  
  104  9:13  Pylon  
  104  9:15  Pylon  
  106  9:17  Pylon  
  106  9:22  Stalker x2  
  106  9:23  Stalker x3  
  116  9:32  Stargate  
  116  9:33  Stargate  
  116  9:42  Charge  
  116  9:50  Stalker x3  
  116  9:51  Stalker x2  
  126  9:54  Protoss Ground Armor Level 1 (Chrono Boost)  
  126  9:57  Probe x3  
  129  10:15  Stalker x5  
  139  11:03  Stalker x4  
  139  11:04  Stalker  
  149  11:06  Protoss Shields Level 2 (Chrono Boost)  
  157  11:15  Void Ray x2  
  139  11:50  Protoss Ground Weapons Level 3  
  139  11:52  Stalker x4  
  139  11:53  Stalker  
  113  12:29  Stalker x2  
  81  12:30  Stalker x3  
  73  12:43  Gateway  
  73  12:44  Gateway  
  73  12:46  Gateway  
  73  12:54  Photon Cannon  
  73  12:55  Photon Cannon  
  73  12:57  Photon Cannon, Stalker x5  
  83  12:58  Photon Cannon  
  83  13:26  Stalker x3  
  83  13:27  Stalker x2  
  73  13:39  Stalker  
  73  13:52  Stalker x5  
Show
View Real Time Build Order
Export as new Build Order

zenzen Protoss 

Build Orders:  

Get SALT Encoding   

  12  0:09  Assimilator  
  12  0:11  Probe  
  13  0:24  Probe  
  13  0:27  Pylon  
  14  0:41  Probe  
  15  0:53  Probe  
  16  1:05  Probe  
  16  1:08  Gateway  
  17  1:14  Forge  
  17  1:22  Probe  
  18  1:34  Probe  
  19  1:59  Cybernetics Core  
  19  2:05  Pylon  
  19  2:07  Pylon  
  19  2:12  Pylon  
  19  2:16  Pylon  
  19  2:18  Pylon  
  19  2:24  Assimilator  
  19  2:31  Zealot  
  21  2:58  Zealot  
  21  3:02  Stargate  
  21  3:05  Probe  
  24  3:17  Probe  
  25  3:25  Zealot  
  27  3:27  Gateway  
  27  3:29  Probe  
  27  3:30  Gateway  
  28  3:41  Probe  
  29  3:52  Stalker  
  31  3:58  Robotics Facility  
  35  4:20  Void Ray  
  35  4:22  Stalker x2  
  39  4:45  Photon Cannon  
  39  4:49  Photon Cannon  
  41  4:55  Observer  
  41  4:56  Sentry  
  42  5:16  Immortal  
  46  5:27  Stalker  
  48  5:57  Stalker  
  48  5:59  Nexus  
  50  6:05  Probe  
  51  6:17  Probe  
  52  6:30  Zealot  
  54  6:34  Stalker  
  56  6:45  Stalker  
  58  6:57  Stalker  
  60  7:19  Probe  
  61  7:27  Probe  
  62  7:31  Probe  
  63  7:39  Probe  
  63  7:43  Probe  
  65  7:51  Probe  
  65  7:54  Pylon  
  65  7:55  Probe  
  65  7:57  Pylon  
  67  8:07  Probe  
  68  8:29  Immortal  
  68  8:31  Stalker  
  74  8:36  Adept  
  76  8:46  Sentry  
  78  8:57  Robotics Bay  
  78  9:01  Stalker  
  80  9:08  Immortal  
  84  9:11  Gateway  
  84  9:24  Robotics Facility  
  84  9:31  Adept  
  84  9:36  Twilight Council  
  86  9:47  Immortal  
  86  9:51  Stalker  
  92  9:56  Stalker  
  94  10:10  Protoss Ground Armor Level 1  
  94  10:26  Protoss Air Weapons Level 1  
  94  10:48  Pylon  
  94  10:50  Pylon  
  94  10:52  Pylon  
  94  10:56  Pylon  
  94  11:06  Stalker x3  
  94  11:08  Colossus  
  106  11:29  Charge  
  106  11:36  Stalker  
  108  12:11  Assimilator  
  108  12:18  Protoss Ground Weapons Level 1  
  108  13:03  Immortal  
  112  13:10  Blink  
  23  14:00  Zealot  
  25  14:03  Stalker  
  25  14:07  Stalker  
  29  14:27  Zealot  
  31  14:33  Stalker  
  31  14:37  Stalker  
  35  14:54  Stalker  
  37  15:07  Stalker  
  25  15:52  Phoenix  
Show
View Real Time Build Order
Export as new Build Order

MattBarry Zerg 

Build Orders: Hatch First 

Get SALT Encoding   

  12  0:01  Drone  
  13  0:22  Drone  
  14  0:51  Hatchery  
  14  0:54  Spawning Pool  
  12  1:00  Drone  
  12  1:01  Overlord  
  12  1:02  Overlord  
  14  1:37  Hatchery  
  13  1:44  Queen  
  13  1:46  Extractor  
  14  1:48  Drone x3  
  14  1:49  Extractor  
  16  2:11  Drone  
  16  2:12  Drone  
  18  2:29  Zergling x2  
  19  2:33  Zergling x2  
  19  2:34  Metabolic Boost  
  20  2:52  Zergling x2  
  20  2:55  Zergling x2  
  20  2:56  Zergling x6  
  25  3:06  Queen  
  27  3:13  Evolution Chamber  
  26  3:25  Baneling Nest  
  25  3:29  Drone  
  26  3:34  Zergling x2  
  26  3:35  Zergling x2  
  26  3:36  Zergling x2  
  29  3:53  Spore Crawler  
  28  3:56  Spore Crawler  
  28  4:01  Zerg Melee Weapons Level 1  
  27  4:22  Queen  
  29  4:34  Spore Crawler  
  25  4:39  Spore Crawler  
  14  5:10  Drone x6  
  20  5:22  Drone  
  20  5:23  Drone  
  22  5:37  Drone  
  23  5:47  Zergling x2  
  23  5:48  Zergling x8  
  23  5:49  Zergling x2  
  29  5:56  Drone x2  
  31  6:21  Drone x4  
  31  6:22  Drone  
  31  6:23  Spore Crawler  
  35  6:28  Spore Crawler  
  34  6:34  Queen  
  34  6:35  Spore Crawler  
  36  6:40  Drone  
  36  6:44  Overlord  
  36  7:04  Drone x5  
  36  7:05  Drone x2  
  42  7:18  Drone  
  43  7:23  Lair  
  38  7:37  Zergling x10  
  38  7:38  Zergling x2  
  42  8:19  Zergling x6  
  44  8:20  Overlord  
  44  8:21  Overlord x2  
  43  8:27  Spire  
  41  8:41  Drone  
  41  8:42  Drone x5  
  47  8:49  Zerg Ground Armor Level 1  
  47  9:07  Hatchery  
  46  9:39  Extractor  
  46  9:40  Extractor  
  44  9:46  Corruptor x3  
  44  9:47  Corruptor x2  
  54  9:53  Infestation Pit  
  54  9:58  Drone  
  54  9:59  Zergling x8  
  58  10:00  Hatchery  
  53  10:31  Corruptor x2  
  57  10:37  Overseer  
  57  10:58  Corruptor  
  59  11:08  Drone  
  59  11:09  Queen, Drone  
  63  11:12  Corruptor, Extractor  
  54  11:29  Zergling x2  
  54  11:30  Zergling x22  
  62  11:44  Drone  
  62  11:46  Drone  
  44  12:24  Infestor x2  
  44  12:25  Infestor x2  
  44  12:26  Zergling x2  
  44  12:27  Zergling x8  
  57  13:00  Overlord  
Tags
 
Add a new tag
Caveats
  • Supply blocks, unpowered buildings, or Contaminate may cause inaccurate times.
  • Supply counts are checked every 10 seconds.